 Dungeon Crawl Stone Soup version 0.30.0-5-g1a98f26d00 (webtiles) character file.

Game seed: 3742743367289770717

237 Implojin the Cutter (level 6, -3/35 HPs)
             Began as a Kobold Air Elementalist on May 9, 2023.
             Was an Initiate of Hepliaklqana.
             Slain by Prince Ribbit (10 damage)
             ... on level 5 of the Dungeon.
             The game lasted 00:08:15 (4384 turns).

Implojin the Cutter (Kobold Air Elementalist)       Turns: 4384, Time: 00:08:16

Health: -3/35      AC:  5    Str:  5    XL:     6   Next: 28%
Magic:  9/9        EV: 15    Int: 16    God:    Hepliaklqana [......]
Gold:   158        SH:  0    Dex: 18    Spells: 8/9 levels left

rFire   . . .        u - +0 short sword (venom)
rCold   . . .        (no shield)
rNeg    . . .        a - +0 robe
rPois   .            (no helmet)
rElec   .            (no cloak)
rCorr   .            j - +2 pair of gloves
SInv    +            (no boots)
Will    .....        (no amulet)
Stlth   ++++         p - ring of see invisible
HPRegen 0.25/turn    (no ring)
MPRegen 0.11/turn

%: no passive effects
@: no status effects
A: small, no large weapons, nightstalker 3
a: Renounce Religion


You were on level 5 of the Dungeon.
You worshipped Hepliaklqana.
Hepliaklqana was noncommittal.
You visited 2 branches of the dungeon, and saw 6 of its levels.

You collected 158 gold pieces.

Inventory:

Hand Weapons
 g - a +0 short sword
 r - a +2 long sword of holy wrath
 s - a +0 dagger of electrocution
 u - a +0 short sword of venom (weapon)
Missiles
 f - 36 stones
 h - 3 boomerangs (quivered)
Armour
 a - a +0 robe (worn)
 j - a +2 pair of gloves (worn)
Jewellery
 p - a ring of see invisible (left hand)
 q - the ring "Xaifas" {Fly Will+ rCorr SInv Stlth-}
   (You found it on level 3 of the Dungeon)

   [ring of flight]

   SInv:      It lets you see invisible.
   Fly:       It grants you flight.
   rCorr:     It protects you from acid and corrosion.
   Will:      It increases your willpower.
   Stlth:     It makes you less stealthy.
 v - an amulet of magic regeneration
Scrolls
 l - a scroll of teleportation
 m - 2 scrolls of blinking
Potions
 b - a potion of curing {unknown}
 d - 2 potions of might
 e - a potion of ambrosia
 i - a potion of flight {unknown}
 k - a potion of lignification {unknown}
 o - a potion of mutation {unknown}
 w - a potion of heal wounds {unknown}


   Skills:
 - Level 2.0 Fighting
 * Level 5.8 Short Blades
 - Level 2.4 Dodging
 - Level 5.0 Stealth
 - Level 2.1 Spellcasting
 - Level 1.0 Conjurations
 - Level 3.0 Air Magic


You had 8 spell levels left.
You knew the following spells:

 Your Spells              Type           Power      Damage    Failure   Level
a - Shock                 Conj/Air       32%        1d5       9%          1

Your spell library contained the following spells:

 Spells                   Type           Power      Damage    Failure   Level
 Static Discharge         Conj/Air       16%        2-3/arc   14%         2
 Swiftness                Air            11%        N/A       19%         3
 Beastly Appendage        Tmut           2%         N/A       21%         1
 Wereblood                Tmut           1%         N/A       30%         2
 Spider Form              Tmut/Pois      1%         N/A       52%         3
 Tukima's Dance           Hex            1%         N/A       52%         3
 Airstrike                Air            5%         2d(1-17)  52%         4
 Cause Fear               Hex            0%         N/A       90%         4
 Passage of Golubria      Tloc           1%         N/A       90%         4
 Yara's Violent Unravell  Hex/Tmut       0%         3d3       99%         5
 Dragon Form              Tmut           0%         N/A       100%        7
 Dragon's Call            Summ           0%         N/A       100%        9


Dungeon Overview and Level Annotations

Branches:
Dungeon (5/15)             Temple (1/1) D:4

Altars:
Ashenzari
Cheibriados
Dithmenos
Fedhas
Gozag
Hepliaklqana
Kikubaaqudgha
Makhleb
Nemelex Xobeh
Okawaru
Ru
Sif Muna
Uskayaw
Wu Jian
Xom
Yredelemnul
Zin
The Shining One

Annotations:
D:2 exclusion: phantom, Terence
D:3 Grinder
D:5 Prince Ribbit


Innate Abilities, Weirdness & Mutations

You are small and have problems with some larger weapons.
You are completely attuned to the shadows.


Message History

You throw a boomerang.
The boomerang closely misses Prince Ribbit.
Prince Ribbit asks, "Just a little smooch?"
Prince Ribbit blinks!
Danger: Prince Ribbit |T2| Reason: Unique monster, careful!
You throw a boomerang.
The boomerang hits Prince Ribbit and shatters for extra damage.
Prince Ribbit is lightly wounded.
Prince Ribbit blinks!
Found a pair of boots.
Danger: Prince Ribbit |T2| Reason: Unique monster, careful!
You throw a boomerang.
The boomerang barely misses Prince Ribbit.
Prince Ribbit blinks!
You hit Prince Ribbit.
Prince Ribbit is poisoned.
Prince Ribbit is moderately wounded.
Prince Ribbit hits you!
You hit Prince Ribbit.
Prince Ribbit looks as sick as possible!
Prince Ribbit is moderately wounded.
Prince Ribbit hits you.
You miss Prince Ribbit.
Prince Ribbit is moderately wounded.
Prince Ribbit hits you.
Unknown command.
You aren't carrying any items that you can evoke.
Unknown command.
Okay, then.
Okay, then.
Unknown command.
Unknown command.
Prince Ribbit hits you!
Danger: Low HP Warning |T3| Reason: 17% HP (6/35) Unknown command.
Okay, then.
Unknown command.
As you read the scroll of fear, it crumbles to dust.
You assume a fearsome visage.
Prince Ribbit resists with some effort.
Prince Ribbit hits you!
You die...

+**+,,,,,,,,,,,>,,,,,,*,,*8*,,*
,,,,*****,,****+*,,,,,*,*,*,*,*
,,+*** *,,,,**,*,,,,,*,**,**,*
,,,,,* ****,,*,*,,,,,*,,,,,,,*
,,,,,****,,,..#.*,,,,,****+****
,,,,,*,,+,,,../.#****,,,,,,*
,,,,,*,**,,,,#..## ********
,,,*,*,**,,,,#...#
**,*,,,**,,,,*#.@###
,*,*<*********#..F.##
,*,*,******####.##..##***********
,*,,,,,,,,,............,,,,,,,,,,
,*,,,,~~~~,.PPPP.._..PP,,,,~~~~,,
,,,*,,,,,,,...........[,,,,,,,,,,
****,****######..##.###********,,
,,,,,* #.....#.#*..* *,,* ******
#.........*,*** *,**


You could see Prince Ribbit (extremely poisoned).

Vanquished Creatures
  A centaur (D:5)
  3 gnolls (D:3)
  5 adders
  An ufetubus (D:4)
  2 worms (D:2)
  A dart slug (D:1)
  4 orcs
  6 ball pythons
  4 endoplasms
  A giant cockroach (D:3)
  8 goblins
  8 hobgoblins
  4 jackals
  A quokka (D:4)
  6 bats
  3 frilled lizards
  8 kobolds
  5 rats
71 creatures vanquished.

Notes
Turn   | Place    | Note
-------+----------+-------------------------------------------
     0 | D:1      | Implojin the Kobold Air Elementalist began the quest for
                  | the Orb.
     0 | D:1      | Reached XP level 1. HP: 10/10 MP: 3/3
    42 | D:1      | Danger: Malevolent teleportation! |T3| Reason: Malevolent
                  | teleportation!
    42 | D:1      | Found a faded altar of an unknown god.
    43 | D:1      | Danger: endoplasm |T2| Reason: Freeze deals more than 50%
                  | MHP!
   317 | D:1      | Reached skill level 1 in Fighting
   473 | D:1      | Reached XP level 2. HP: 16/16 MP: 3/5
   602 | D:1      | Reached skill level 1 in Short Blades
   690 | D:1      | Danger: Low HP Warning |T2| Reason: 58% HP (10/17)
  1370 | D:1      | Reached XP level 3. HP: 21/21 MP: 2/6
  1792 | D:2      | Noticed a phantom
  1930 | D:2      | Noticed Terence
  1931 | D:2      | Danger: Terence |T2| Reason: Unique monster, careful!
  2398 | D:2      | Reached XP level 4. HP: 26/26 MP: 7/7
  2490 | D:3      | Noticed Grinder
  2491 | D:3      | Danger: Grinder |T3| Reason: Paralyse and low Will
  2491 | D:3      | Danger: Grinder |T2| Reason: Unique monster, careful!
  2836 | D:3      | Danger: Low HP Warning |T2| Reason: 57% HP (15/26)
  2837 | D:3      | Danger: Low HP Warning |T2| Reason: 57% HP (15/26)
  2838 | D:3      | Danger: Low HP Warning |T2| Reason: 57% HP (15/26)
  2996 | D:3      | Reached skill level 5 in Stealth
  2997 | D:3      | Identified the ring "Xaifas" {Fly Will+ rCorr SInv Stlth-}
  3196 | D:3      | Reached XP level 5. HP: 30/30 MP: 8/8
  3445 | D:3      | Danger: goblin |T2| Reason: Electrocution weapon and no
                  | rElec!
  3448 | D:3      | Danger: goblin |T2| Reason: Electrocution weapon and no
                  | rElec!
  3838 | D:4      | Found a staircase to the Ecumenical Temple.
  3871 | Temple   | Entered the Ecumenical Temple
  3907 | Temple   | Became a worshipper of Hepliaklqana the Forgotten
  4346 | D:5      | Entered Level 5 of the Dungeon
  4346 | D:5      | Noticed a centaur
  4347 | D:5      | Danger: centaur |T2| Reason: OOD monster, careful!
  4347 | D:5      | Killed a centaur
  4348 | D:5      | Reached skill level 5 in Short Blades
  4348 | D:5      | Reached XP level 6. HP: 35/35 MP: 9/9
  4362 | D:5      | Found a sparkling altar of Nemelex Xobeh.
  4368 | D:5      | Noticed Prince Ribbit
  4369 | D:5      | Danger: Prince Ribbit |T2| Reason: Unique monster, careful!
  4371 | D:5      | Danger: Prince Ribbit |T2| Reason: Unique monster, careful!
  4374 | D:5      | Danger: Prince Ribbit |T2| Reason: Unique monster, careful!
  4378 | D:5      | Danger: Prince Ribbit |T2| Reason: Unique monster, careful!
  4384 | D:5      | Danger: Low HP Warning |T3| Reason: 17% HP (6/35)
  4384 | D:5      | Slain by Prince Ribbit

Illustrated notes

Levels and vault maps discovered:
D:1:      dpeg_arrival_castle, layout_basic, basic_ecumenical_altar
D:2:      layout_basic, uniq_terence
D:3:      layout_loops_cross, st_stairs_8, kennysheep_generic_room_10,
          uniq_grinder
D:4:      layout_cave_pools, minmay_temple_entry_statues_pillars,
          chequers_serial_rivers_room_a, minivault_27, kennysheep_crisscross
D:5:      layout_basic, mainiacjoe_overflow_boulevard, gup_sewer_entry_bowl,
          kennysheep_generic_room_9, uniq_prince_ribbit1
Temple:   sentei_temple_godly_chess

Skill      XL: |  1  2  3  4  5 |
---------------+----------------+-----
Fighting       | 1 2 |  2.0
Short Blades   | 1 2 5 |  5.8
Stealth        | 4 5 |  5.0
Dodging        | |  2.4
Spellcasting   | |  2.1
Conjurations   | |  1.0
Air Magic      | |  3.0

Action                     |  1- 3 |  4- 6 || total
---------------------------+-------+-------++-------
  Melee: Short sword       |    56 |    99 ||   155
         Dagger            |       |    37 ||    37
  Throw: Boomerang         |       |     3 ||     3
   Cast: Shock             |    29 |    18 ||    47
    Use: Potion            |     1 |       ||     1
         Scroll            |     4 |     5 ||     9
   Stab: Sleeping          |     7 |    10 ||    17
 Armour: Robe              |    11 |    18 ||    29
  Dodge: Dodged            |    56 |   108 ||   164
